 Dungeon Crawl Stone Soup version 0.25.1-8-g42b30a86e7 (webtiles) character file.

Game seed: 16418400419022708029

106 funkygono the Shield-Bearer (level 4, -1/29 HPs)
             Began as a Gargoyle Fighter on Dec 10, 2020.
             Slain by a killer bee (5 damage)
             ... on level 2 of the Dungeon.
             The game lasted 00:03:22 (2037 turns).

funkygono the Shield-Bearer (Gargoyle Fighter)      Turns: 2037, Time: 00:03:23

Health: -1/29      AC: 10    Str: 20    XL:     4   Next: 84%
Magic:  4/4        EV:  7    Int:  9    God:
Gold:   48         SH:  9    Dex:  9    Spells: 3/3 levels left

rFire    + . .     SeeInvis .   a - +0 flail
rCold    x . .     Gourm    .   c - +0 kite shield
rNeg     + . .     Faith    .   b - +0 scale mail
rPois    ∞         Spirit   .   (no helmet)
rElec    +         Reflect  .   (no cloak)
rCorr    .         Harm     .   (no gloves)
MR       .....                  (no boots)
Stlth    ..........             (no amulet)
HPRegen  0.09/turn              e - ring of fire
MPRegen  0.09/turn              (no ring)

@: mighty
A: negative energy resistance 1, electricity resistance, unbreathing,
petrification resistance, rot immunity, AC +3
a: no special abilities


You were on level 2 of the Dungeon.
You were not hungry.

You visited 1 branch of the dungeon, and saw 2 of its levels.

You collected 48 gold pieces.

Inventory:

Hand Weapons
 a - a +0 flail (weapon)
Missiles
 g - 66 arrows
 h - 45 bolts
 m - 46 stones (quivered)
 n - 21 sling bullets
Armour
 b - a +0 scale mail (worn)
 c - a +0 kite shield (worn)
Jewellery
 e - a ring of fire (left hand)
Scrolls
 i - 3 scrolls of teleportation
Potions
 k - a potion of heal wounds
 l - a potion of stabbing {unknown}
Comestibles
 f - 6 rations
 j - 5 chunks of flesh


   Skills:
 * Level 3.7 Fighting
 * Level 3.2 Maces & Flails
 * Level 3.7 Armour
 * Level 0.5 Dodging
 * Level 4.3 Shields


You had 3 spell levels left.
You didn't know any spells.
Your spell library was empty.

Dungeon Overview and Level Annotations

Branches:
Dungeon (2/15)

Altars:


Innate Abilities, Weirdness & Mutations

You are resistant to torment.
Your stone body is resilient. (AC +3)
You are immune to poison.
You resist negative energy. (rN+)
You are resistant to electric shocks. (rElec)
You can survive without breathing.
You are immune to petrification.
You are immune to rotting.


Message History

The killer bee is almost dead.
You block the killer bee's attack. x2
You miss the killer bee.
The killer bee is almost dead.
The killer bee barely misses you.
A killer bee comes into view.
The killer bee stings you but does no damage.
The killer bee stings you.
* * * LOW HITPOINT WARNING * * *
The killer bee moves out of view.
You miss the killer bee.
The killer bee is severely wounded.
The killer bee stings you but does no damage.
You block the killer bee's attack.
The killer bee stings you but does no damage.
You closely miss the killer bee.
The killer bee is severely wounded.
The killer bee stings you but does no damage.
The killer bee stings you.
You die...

.........# ##..........
y........###+###.####.####
y.............##..........
.....$..#.....##..###.####
.........................#
......###..#.####.###.####
...... #K...# ##.###(#.##
..... #y#..# #..........
..... #@#..# ##.###.#.##
#### #.#..# .# #.#...
#.##.# .# #.#.## ....>.
#.#.# #.# #. #.#.# ...
#.#.# #.. #.#.# ... ...
...


You could see a killer bee and a kobold.

Vanquished Creatures
  Jessica (D:2)
  2 adders (D:2)
  2 worms (D:2)
  2 dart slugs
  A leopard gecko (D:2)
  A giant cockroach (D:1)
  3 goblins
  9 hobgoblins
  10 jackals
  A quokka (D:2)
  4 bats
  A frilled lizard (D:1)
  10 kobolds
  3 rats (D:2)
50 creatures vanquished.

Notes
Turn   | Place    | Note
-------+----------+-------------------------------------------
     0 | D:1      | funkygono the Gargoyle Fighter began the quest for the Orb.
     0 | D:1      | Reached XP level 1. HP: 14/14 MP: 1/1
   182 | D:1      | Reached XP level 2. HP: 16/19 MP: 2/2
   688 | D:1      | Reached XP level 3. HP: 21/23 MP: 3/3
  1565 | D:2      | Reached XP level 4. HP: 24/29 MP: 4/4
  1622 | D:2      | Noticed Jessica
  1628 | D:2      | Killed Jessica
  1628 | D:2      | Reached skill level 4 in Shields
  2037 | D:2      | Slain by a killer bee

Illustrated notes

Levels and vault maps discovered:
D:1:      nagdon_arrival_double_spiral, layout_basic
D:2:      layout_basic, cheibrodos_gnoll_hut, uniq_jessica

Skill      XL: |  1  2  3  4 |
---------------+-------------+-----
Maces & Flails | 3 |  3.2
Shields        | 4 |  4.3
Fighting       | |  3.7
Armour         | |  3.7
Dodging        | |  0.5

Action                   |  1- 3 |  4- 6 || total
-------------------------+-------+-------++-------
Melee: Flail             |   181 |    85 ||   266
  Use: Scroll            |     2 |       ||     2
       Potion            |       |     1 ||     1
  Eat: Chunk             |     3 |     1 ||     4
Armor: Scale mail        |   129 |    50 ||   179
Dodge: Dodged            |    68 |    28 ||    96
Block: Kite shield       |   110 |    42 ||   152
